 Dungeon Crawl Stone Soup version 0.23.2-33-g5129a83184 (webtiles) character file.

Game seed: 13494152357083480587

15789 Felnil the Cleaver (level 12, -4/112 HPs)
             Began as a Hill Orc Fighter on Aug 6, 2019.
             Was the Champion of the Shining One.
             Slain by an orc knight
             ... wielding a +0 great sword
              (26 damage)
             ... while paralysed by an orc sorcerer
             ... on level 2 of the Orcish Mines.
             The game lasted 01:03:32 (11200 turns).

Felnil the Cleaver (Hill Orc Fighter)              Turns: 11200, Time: 01:03:32

Health: -4/112     AC: 15    Str: 33    XL:     12   Next: 30%
Magic:  12/12      EV:  2    Int:  8    God:    the Shining One [******]
Gold:   760        SH:  0    Dex: 13    Spells: 11/11 levels left

rFire    x . .     SeeInvis .   a - +5 war axe (flame)
rCold    . . .     Gourm    .   c - +0 shield
rNeg     + + +     Faith    .   b - +4 scale mail
rPois    +         Spirit   .   j - +1 helmet
rElec    +         Reflect  .   (no cloak)
rCorr    .         Harm     .   (no gloves)
MR       .....                  (no boots)
Stlth    ..........             (no amulet)
HPRegen  0.28/turn              p - +4 ring of evasion
MPRegen  0.13/turn              h - ring of Egomania {rElec rPois rF- Str+9 Dex+3}

@: paralysed, glowing
A: no striking features
a: Divine Shield, Cleansing Flame, Summon Divine Warrior, Brand Weapon With Holy
Wrath, Renounce Religion


You were on level 2 of the Orcish Mines.
You worshipped the Shining One.
The Shining One was exalted by your worship.
You were very hungry.

You visited 2 branches of the dungeon, and saw 12 of its levels.
You also visited: Ossuary.

You collected 1015 gold pieces.
You spent 255 gold pieces at shops.

Inventory:

Hand Weapons
 a - a +5 war axe of flaming (weapon)
 y - a +4 flail of holy wrath
 I - a +2 broad axe of electrocution
 K - a +2 battleaxe of chopping
Missiles
 t - 5 throwing nets (quivered)
 J - 4 javelins
Armour
 b - a +4 scale mail (worn)
 c - a +0 shield (worn)
 j - a +1 helmet (worn)
Jewellery
 h - the ring of Egomania (right hand) {rElec rPois rF- Str+9 Dex+3}
   (You found it on level 9 of the Dungeon)

   [ring of dexterity]

   It affects your strength (+9).
   It affects your dexterity (+3).
   It makes you vulnerable to fire.
   It insulates you from electricity.
   It protects you from poison.
 p - a +4 ring of evasion (left hand)
 u - a +3 ring of evasion
 x - an uncursed ring of protection from cold
 F - an uncursed ring of ice
Wands
 z - a wand of acid (13)
 A - a wand of digging (6)
 C - a wand of polymorph (8)
 D - a wand of flame (17)
 H - a wand of iceblast (3)
Scrolls
 e - 3 scrolls of teleportation
 i - 3 scrolls of magic mapping
 k - a scroll of brand weapon
 m - 11 scrolls of remove curse
 B - a scroll of fog
Potions
 d - 2 potions of might
 g - 7 potions of heal wounds
 l - 2 potions of agility
 n - 3 potions of berserk rage
 o - 2 potions of brilliance
 q - 3 potions of curing
 r - a potion of resistance
 s - 3 potions of flight
 v - a potion of lignification
 w - 2 potions of magic
 E - a potion of invisibility {unknown}
Comestibles
 f - 18 rations


   Skills:
 + Level 12.1 Fighting
 + Level 12.8 Axes
 + Level 11.2 Armour
 + Level 11.2 Shields


You had 11 spell levels left.
You didn't know any spells.
Your spell library contained the following spells:

 Spells                   Type           Power        Failure   Level  Hunger
 Animate Skeleton         Necr           N/A          77%         1    ##.....
 Apportation              Tloc           #.....       77%         1    ##.....
 Confusing Touch          Hex            #.....       77%         1    ##.....
 Summon Small Mammal      Summ           #...         77%         1    ##.....


Dungeon Overview and Level Annotations

Branches:
Dungeon (10/15)            Temple (0/1) D:6            Lair (0/6) D:9
    Orc (2/2) D:10
    Elf: Orc:2

Altars:
Ashenzari
Cheibriados
Hepliaklqana
Kikubaaqudgha
Makhleb
Nemelex Xobeh
Okawaru
Ru
Uskayaw
Wu Jian
Xom
The Shining One

Shops:
D:4 !   D:6 *![(%   Orc:2 !%


Message History

You hit the orc warrior but do no damage.
The orc warrior is moderately wounded.
You slash the orc sorcerer! You burn the orc sorcerer.
You slash the orc knight! You burn the orc knight!
You block the orc sorcerer's attack.
You completely miss the orc sorcerer.
The orc sorcerer is severely wounded.
You hit the orc knight. You burn the orc knight. You slash the orc warrior!
You burn the orc warrior.
The orc warrior hits you with a +0 flail!!
* * * LOW HITPOINT WARNING * * *
The orc sorcerer points at you and mumbles some strange words.
You suddenly lose the ability to move!
You hear a shout! x2
The orc knight hits you but does no damage.
The orc warrior hits you with a +0 flail!
* * * LOW HITPOINT WARNING * * *
The orc sorcerer barely misses you.
The orc knight hits you with a +0 great sword!!
You die...

#∩.#..)..## ##.)... .....#.[## ..
##.... #∩.#.....## ... ##.....
##...#....## #.#. ##......
###....#...## #o..###...÷...
.###........## #...###........
..###..###...## #...###.........
...###..###...###o..###..........
....###.. ##...#@o.###...........
.....###. ##.#)#o###............
......## ##..)###.............
.......## ##.###..............
........## #####...............
.........## ..###................
..........##...#.................
................................
.......))[.....................


You could see an orc knight, an orc sorcerer and 2 orc warriors.

Vanquished Creatures
  Harold (D:9)
  A two-headed ogre (D:8)
  Urug (Orc:2)
  A sixfirhy (Orc:2)
  An unseen horror (D:10)
  An orc knight (Orc:2)
  2 orc sorcerers (Orc:2)
  Joseph (D:7)
  Psyche (D:9)
  An orange demon (Orc:2)
  An ice devil (Orc:2)
  A merfolk (D:9)
  Grinder (D:4)
  2 trolls (Orc:2)
  3 hippogriffs
  A wraith (D:10)
  6 yaks (D:10)
  2 hungry ghosts (D:10)
  A chaos spawn (Orc:2)
  A warg (Orc:2)
  A water moccasin (D:10)
  Edmund (D:4)
  18 orc warriors
  2 ice beasts
  2 sky beasts (D:10)
  2 phantoms
  2 necrophages
  A crocodile (D:8)
  4 centaurs
  8 ogres
  2 big kobolds
  2 gnoll sergeants
  2 bullfrogs
  A scorpion (D:5)
  2 troll zombies (D:10)
  3 killer bees (D:8)
  14 wights
  3 howler monkeys
  A bullfrog zombie (D:8)
  4 jellies
  7 hounds
  10 orc wizards
  A bullfrog skeleton (D:7)
  25 orc priests
  Terence (D:2)
  4 iguanas
  11 worker ants
  4 ogre zombies (D:10)
  8 mummies (Ossuary)
  2 worker ant zombies
  8 adders
  18 gnolls
  4 shadow imps
  An ooze (D:3)
  A worm (D:3)
  4 dart slugs
  8 leopard geckos
  57 orcs
  3 giant cockroaches
  10 goblins
  6 hobgoblins
  16 jackals
  7 quokkas
  3 ball pythons
  4 bats
  8 frilled lizards
  A gnoll zombie (Ossuary)
  4 goblin skeletons (D:10)
  3 goblin zombies (D:10)
  A hobgoblin skeleton (D:10)
  4 hobgoblin zombies
  11 kobolds
  2 kobold zombies (Ossuary)
  A leopard gecko zombie (D:8)
  5 orc skeletons (D:10)
  6 orc zombies
  9 rats
383 creatures vanquished.

Notes
Turn   | Place    | Note
-------+----------+-------------------------------------------
     0 | D:1      | Felnil the Hill Orc Fighter began the quest for the Orb.
     0 | D:1      | Reached XP level 1. HP: 19/19 MP: 1/1
   171 | D:1      | Reached XP level 2. HP: 27/27 MP: 2/2
   820 | D:1      | Reached XP level 3. HP: 31/33 MP: 3/3
  1203 | D:2      | Noticed Terence
  1253 | D:2      | Killed Terence
  1408 | D:2      | Found an ornate altar of the Wu Jian Council.
  1409 | D:2      | Found a hazy altar of Hepliaklqana.
  1410 | D:2      | Found a glowing golden altar of the Shining One.
  1412 | D:2      | Found a sparkling altar of Nemelex Xobeh.
  1454 | D:2      | Became a worshipper of the Shining One
  1467 | D:2      | Reached XP level 4. HP: 40/40 MP: 4/4
  2305 | D:3      | Reached XP level 5. HP: 44/47 MP: 5/5
  2596 | D:4      | Noticed Grinder
  2608 | D:4      | Killed Grinder
  2608 | D:4      | Reached skill level 5 in Fighting
  2608 | D:4      | Reached XP level 6. HP: 28/56 MP: 6/6
  2608 | D:4      | Reached skill level 5 in Axes
  2799 | D:4      | Found a sand-covered staircase.
  2808 | D:4      | Reached skill level 5 in Shields
  2832 | Ossuary  | Entered an ossuary
  2839 | Ossuary  | Reached * piety under the Shining One
  2851 | Ossuary  | Reached skill level 5 in Armour
  2861 | Ossuary  | Reached XP level 7. HP: 61/61 MP: 7/7
  2885 | Ossuary  | Reached ** piety under the Shining One
  3164 | D:4      | Found a hide-covered altar of Uskayaw.
  3298 | D:4      | Found a snail-covered altar of Cheibriados.
  3362 | D:4      | Noticed Edmund
  3371 | D:4      | Killed Edmund
  3626 | D:4      | Found Qaank's Distillery.
  3894 | D:5      | Entered Level 5 of the Dungeon
  3965 | D:5      | Reached XP level 8. HP: 62/71 MP: 8/8
  4235 | D:5      | Found an ancient bone altar of Kikubaaqudgha.
  4950 | D:5      | Found a burning altar of Makhleb.
  5064 | D:6      | Found Viadghoroth's Distillery.
  5066 | D:6      | Found Weociq's Antique Armour Boutique.
  5080 | D:6      | Bought a shiny helmet for 255 gold pieces
  5114 | D:6      | Noticed a hippogriff
  5127 | D:6      | Killed a hippogriff
  5450 | D:6      | Found an ancient bone altar of Kikubaaqudgha.
  5458 | D:6      | Found a sacrificial altar of Ru.
  5473 | D:6      | Found Didevobro's Assorted Antiques.
  5577 | D:6      | Found a staircase to the Ecumenical Temple.
  5601 | D:6      | Reached XP level 9. HP: 79/79 MP: 9/9
  5612 | D:6      | Found Nyunic's Antique Weapon Shop.
  5641 | D:6      | Found a shattered altar of Ashenzari.
  5773 | D:6      | Found Emeod's Food Shop.
  6294 | D:7      | Noticed Joseph
  6349 | D:7      | Killed Joseph
  7277 | D:8      | Reached XP level 10. HP: 79/91 MP: 10/10
  7343 | D:8      | Noticed a two-headed ogre
  7357 | D:8      | Killed a two-headed ogre
  7368 | D:8      | Found an iron altar of Okawaru.
  7581 | D:8      | Reached *** piety under the Shining One
  7707 | D:9      | Noticed Psyche
  7715 | D:9      | Killed Psyche
  7715 | D:9      | Reached skill level 10 in Axes
  8066 | D:9      | Reached skill level 10 in Fighting
  8106 | D:9      | Found a staircase to the Lair.
  8152 | D:9      | Got a sparkling lapis lazuli ring
  8165 | D:9      | Noticed Harold
  8180 | D:9      | Killed Harold
  8590 | D:10     | Entered Level 10 of the Dungeon
  8599 | D:10     | Noticed an unseen horror
  8608 | D:10     | Killed an unseen horror
  8608 | D:10     | Reached XP level 11. HP: 97/101 MP: 11/11
  8793 | D:10     | Reached skill level 10 in Shields
  8872 | D:10     | Reached skill level 10 in Armour
  8937 | D:10     | Found a shimmering altar of Xom.
  8956 | D:10     | Found a shimmering altar of Xom.
  8957 | D:10     | Found a shimmering altar of Xom.
  8957 | D:10     | Found a shimmering altar of Xom.
  8957 | D:10     | Found a shimmering altar of Xom.
  8958 | D:10     | Found a shimmering altar of Xom.
  8959 | D:10     | Found a shimmering altar of Xom.
  8985 | D:10     | Reached **** piety under the Shining One
  9197 | D:10     | Found a staircase to the Orcish Mines.
  9252 | D:10     | Reached ***** piety under the Shining One
  9414 | D:10     | Identified the ring of Egomania {rElec rPois rF- Str+9
                  | Dex+3} (You found it on level 9 of the Dungeon)
  9763 | Orc:1    | Entered Level 1 of the Orcish Mines
  9824 | Orc:2    | Entered Level 2 of the Orcish Mines
  9932 | Orc:2    | Noticed Urug
 10016 | Orc:2    | Killed Urug
 10680 | Orc:2    | Noticed a sixfirhy
 10683 | Orc:2    | Found Rawares's Distillery.
 10683 | Orc:2    | Reached ****** piety under the Shining One
 10690 | Orc:2    | Killed a sixfirhy
 10690 | Orc:2    | Noticed an orc knight
 10698 | Orc:2    | Reached XP level 12. HP: 80/111 MP: 12/12
 10716 | Orc:2    | Found Utaipsoss's Food Shoppe.
 11198 | Orc:2    | Paralysed by an orc sorcerer for 6 turns
 11200 | Orc:2    | Slain by an orc knight

Skill      XL: |  1  2  3  4  5  6  7  8  9 10 11 12 |
---------------+-------------------------------------+-----
Axes           | 3 4 5 6 7 9 11 12 | 12.8
Fighting       | 4 5 6 7 9 10 11 12 | 12.1
Shields        | 4 5 6 8 9 10 11 | 11.2
Armour         | 4 5 6 8 9 10 11 | 11.2

Action                   |  1- 3 |  4- 6 |  7- 9 | 10-12 || total
-------------------------+-------+-------+-------+-------++-------
Melee: War axe           |   116 |    99 |   300 |   452 ||   967
       Unarmed           |     8 |       |     2 |       ||    10
Evoke: Wand              |       |       |     1 |     4 ||     5
  Use: Scroll            |       |    14 |    11 |     6 ||    31
  Eat: Chunk             |     2 |     5 |    13 |     7 ||    27
       Ration            |       |       |       |     2 ||     2
Armor: Scale mail        |    56 |    33 |    81 |    74 ||   244
       Skin              |     1 |       |       |       ||     1
Dodge: Dodged            |    48 |    57 |   165 |   127 ||   397
Block: Shield            |    62 |    46 |   172 |   195 ||   475
